 Dungeon Crawl Stone Soup version 0.22-a0-21-g9421e3f (webtiles) character file.

11 tidbits the Sneak (level 2, -2/11 HPs)
             Began as a Felid Necromancer on Jan 2, 2018.
             Killed from afar by Natasha (6 damage)
             ... with a magic dart
             ... on level 2 of the Dungeon.
             The game lasted 00:02:22 (342 turns).

tidbits the Sneak (Felid Necromancer)                Turns: 342, Time: 00:02:23

Health: -2/11      AC:  1    Str:  9    XL:     2   Next: 13%
Magic:  6/6        EV: 18    Int: 16    God:
Gold:   67         SH:  0    Dex: 16    Spells: 3/5 levels left
                                        Lives:  0   Deaths: 0

rFire    . . .     SeeInvis +   (weapon unavailable)
rCold    . . .     Gourm    .   (shield unavailable)
rNeg     . . .     Faith    .   (armour unavailable)
rPois    .         Spirit   .   (helmet unavailable)
rElec    .         Reflect  .   (cloak unavailable)
rCorr    .         Harm     .   (gloves unavailable)
MR       .....                  (boots unavailable)
Stlth    +++.......             (no amulet)
HPRegen  0.03/turn              (no ring)
MPRegen  0.10/turn              (no ring)

@: mighty, quick
A: very small, no armour, no weapons or thrown items, stealth, claws 1, fangs 3,
see invisible, carnivore, speed 1, shaggy fur 1, slow metabolism 1, sharp paws
a: no special abilities


You were on level 2 of the Dungeon.
You were not hungry.

You visited 1 branch of the dungeon, and saw 3 of its levels.

You collected 67 gold pieces.

Inventory:

Missiles
 f - 18 arrows
Scrolls
 b - a scroll of immolation {unknown}
 g - a scroll of remove curse {unknown}
Potions
 h - a potion of heal wounds {unknown}
Books
 a - a book of Necromancy

   Spells                             Type                      Level
   a - Pain                           Necromancy                   1
   b - Animate Skeleton               Necromancy                   1
   c - Vampiric Draining              Necromancy                   3
   d - Regeneration                   Charms/Necromancy            3
   e - Animate Dead                   Necromancy                   4
   f - Borgnjor's Vile Clutch         Necromancy/Earth             5
Comestibles
 c - a ration


   Skills:
 - Level 2.6 Dodging
 + Level 4.1 Stealth
 - Level 2.0 Spellcasting
 - Level 4.0 Necromancy


You had 3 spell levels left.
You knew the following spells:

 Your Spells              Type           Power        Failure   Level  Hunger
a - Pain                  Necr           ##..         4%          1    #......
n - Animate Skeleton      Necr           N/A          4%          1    #......


Dungeon Overview and Level Annotations

Branches:
Dungeon (3/15)

Altars:
Elyvilon
Xom

Annotations:
D:2 exclusion: adder, Natasha


Innate Abilities, Weirdness & Mutations

You cannot wear armour.
You are incapable of wielding weapons or throwing items.
Your paws allow you to move quietly. (Stealth)
You have sharp claws.
You have razor-sharp teeth.
You have supernaturally acute eyesight. (SInv)
You are carnivorous and can eat meat at any time.
You cover ground quickly.
You are covered in fur. (AC +1)
You have a slow metabolism.
Your sharp claws are effective at attacking unaware monsters.


Message History

Press: ? - help, Shift-Dir - straight line, f/p - goblin
Aim: a goblin, wielding a club (severely wounded, chance to defeat MR: 85%)
The goblin writhes in agony!
You kill the goblin!
Your Stealth skill increases to level 4!
You see here a golden potion.
Wield which item (- for none, * to show all)? (? for menu, Esc to quit)
c - a ration (in mouth)
You swing at nothing.
You swing at nothing.
You swing at nothing.
You swing at nothing.
You swing at nothing.
You swing at nothing.
You swing at nothing.
You swing at nothing.
You swing at nothing.
You swing at nothing.
You swing at nothing.
You swing at nothing.
You swing at nothing.
You swing at nothing.
You swing at nothing.
You swing at nothing.
You swing at nothing.
You swing at nothing.
You swing at nothing.
You swing at nothing.
You swing at nothing.
You swing at nothing.
You swing at nothing.
You swing at nothing.
You swing at nothing.
You swing at nothing.
You swing at nothing.
You swing at nothing.
You swing at nothing.
You swing at nothing.
h - a golden potion
Things that are here:
a club; a goblin corpse Wield which item (- for none, * to show all)? (? for menu, Esc to quit)
Your mouth is now empty.
Found 17 gold pieces.
There is a stone staircase leading down here.
Found a scale mail.
You open the door.
A hobgoblin comes into view. It is wielding a club.
Found a shimmering altar of Xom.
You see here 17 gold pieces.
You now have 67 gold pieces (gained 17).
You open the door.
There is an open door here.
There is a stone staircase leading down here.
You climb downwards.
An adder comes into view.
Found a scroll labeled NOOHAR VEWELU.
There is a stone staircase leading up here.
Found 8 gold pieces.
A bat comes into view.
The adder hisses angrily.
A kobold comes into view.
There is a stone staircase leading up here.
The bat misses you. The bat hits you.
* * * LOW HITPOINT WARNING * * *
You climb upwards.
Level annotation: exclusion: adder The hobgoblin shouts!
The teleport trap disappears.
The hobgoblin disappears!
There is a stone staircase leading down here.
There is an open door here.
Casting: Pain
Confirm with . or Enter, or press ? or * to list all spells.
Aiming: Pain
Press: ? - help, Shift-Dir - straight line, f - hobgoblin
Aim: a hobgoblin, wielding a club (chance to defeat MR: 85%)
The hobgoblin writhes in agony!
You kill the hobgoblin!
Unknown command.
You open the door.
There is an open door here.
You see here a ration.
You eat the ration.
That ration really hit the spot!
Found a white marble altar of Elyvilon.
Found a scroll labeled RAXOCIR CATU.
Natasha, Servant of Life and Death comes into view.
It was a potion of curing.
You feel better.
Natasha wildly gestures.
Natasha shimmers violently.
Natasha casts a spell at you. The magic dart hits you!
Ouch! That really hurt!
* * * LOW HITPOINT WARNING * * *
Found 15 poisoned needles.
It was a potion of might.
You feel very mighty all of a sudden.
Natasha stares at you and mumbles some strange words.
The magic dart hits you!
Ouch! That really hurt!
You die...

................#
###.............#
..(.)...........#
#..........#.####
#.###......'....########.
#..........#####.........
####.......'<###...###..
#.......#†#≈≈...≈≈#
#.......+.#≈.@♣..≈#
#.......##..?r.......
#.......+...♣._.♣.....
##.......#.............
#........###≈..♣..≈#...
#........# #≈≈...≈≈#...
#....†.### ##..h###
#....### #...( #....#


You could see Natasha and a neutral quokka (wandering).

Vanquished Creatures
  2 bats
  2 goblins
  A hobgoblin (D:2)
  A kobold (D:1)
  A ball python (D:1)
  2 frilled lizards (D:1)
  A rat (D:2)
10 creatures vanquished.

Notes
Turn   | Place    | Note
-------+----------+-------------------------------------------
     0 | D:1      | tidbits the Felid Necromancer began the quest for the Orb.
     0 | D:1      | Reached XP level 1. HP: 7/7 MP: 4/4
     8 | D:1      | Reached skill level 3 in Stealth
   208 | D:2      | Reached XP level 2. HP: 4/11 MP: 4/6
   211 | D:2      | Learned a level 1 spell: Animate Skeleton
   236 | D:2      | Reached skill level 4 in Stealth
   279 | D:2      | Found a shimmering altar of Xom.
   334 | D:2      | Found a white marble altar of Elyvilon.
   337 | D:2      | Noticed Natasha
   342 | D:2      | Killed from afar by Natasha

Vault maps used:
D:1:      sevenhm_arrival_forest_fort_small_6
D:2:      zin_purify, elyvilon_altar_4, kennysheep_decorative_pillar,
          xom_teletrap_fun, uniq_natasha
D:3:      old_standard_altar

Skill      XL: |  1  2 |
---------------+-------+-----
Stealth        | 3 4 |  4.1
Dodging        | |  2.6
Spellcasting   | |  2.0
Necromancy     | |  4.0

Action                   || total
-------------------------++-------
Melee: Unarmed           ||     2
 Cast: Pain              ||    12
  Use: Potion            ||     2
 Stab: Sleeping          ||     1
  Eat: Ration            ||     1
Dodge: Dodged            ||     5

Table legend:
 A = Spawn XP
 B = Non-spawn XP
 C = Spawn XP percentage of total XP
 D = Spawn monster count
 E = Non-spawn monster count
 F = Spawn count percentage of total count
 G = Total turns spent on level
                    A         B        C        D         E        F      G
               +---------+---------+-------+---------+---------+-------+---------
         Total |       0 |      16 |   0.0 |       0 |      10 |   0.0 |   342
               +---------+---------+-------+---------+---------+-------+---------
           D:1 |       0 |       9 |   0.0 |       0 |       6 |   0.0 |   183
           D:2 |       0 |       7 |   0.0 |       0 |       4 |   0.0 |   153
               +---------+---------+-------+---------+---------+-------+---------

Table legend:
 A = Turns spent in this place as a percentage of turns spent in the entire game.
 B = Non-inter-level travel turns spent in this place as a percentage of non-inter-level travel turns spent in the entire game.
 C = Inter-level travel turns spent in this place as a percentage of turns spent in this place.
 D = Turns resting spent in this place as a percentage of non-inter-level travel turns spent in this place.
 E = Turns spent auto-exploring this place as a percentage of non-inter-level travel turns spent in this place.
 F = Non-inter-level travel turns spent in this place divided by the number of levels of this place that you've seen.
                   A       B       C       D       E      F
               +-------+-------+-------+-------+-------+----------------------
         Total | 100.0 | 100.0 |   0.0 |   0.0 |   0.0 | 114.0
       Dungeon | 100.0 | 100.0 |   0.0 |   0.0 |   0.0 | 114.0
               +-------+-------+-------+-------+-------+----------------------

Table legend:
 A = Kills in this place as a percentage of kills in entire the game.
 B = Kills by you in this place as a percentage of kills by you in the entire game.
 C = Kills by friends in this place as a percentage of kills by friends in the entire game.
 D = Other kills in this place as a percentage of other kills in the entire game.
 E = Experience gained in this place as a percentage of experience gained in the entire game.
 F = Experience gained in this place divided by the number of levels of this place that you have seen.
                   A       B       C       D       E      F
               +-------+-------+-------+-------+-------+----------------------
         Total | 100.0 | 100.0 |   N/A |   N/A | 100.0 |   5.3
       Dungeon | 100.0 | 100.0 |   N/A |   N/A | 100.0 |   5.3
               +-------+-------+-------+-------+-------+----------------------

Vault maps used:
D:1:      sevenhm_arrival_forest_fort_small_6
D:2:      zin_purify, elyvilon_altar_4, kennysheep_decorative_pillar,
          xom_teletrap_fun, uniq_natasha
D:3:      old_standard_altar
